EVO
STANFORD UNIVERSITY CARDINAL @ VANDERBILT UNIVERSITY COMMODORES
10/24/2049
 
TOP OF THE 1ST
Fresno State University Bulldogs batting - Pitching for University of Toronto Marlies : RHP Gui Xú
Pitching: RHP Gui Xú
Batting: RHB Sinfronio Carreon 0-0: Ball
1-0: Called Strike
1-1: Foul Ball, location: 2F
1-2: Ball
2-2: Foul Ball, location: 2F
2-2: Foul Ball, location: 2F
2-2: Ground out 4-3 (Groundball, 4S, EV 80.0 MPH)
Batting: LHB Ollie Strauss 0-0: Fly out, F8 (Flyball, 89D, EV 98.8 MPH)
Batting: SHB Carlton Stannard 0-0: Ball
1-0: Swinging Strike
1-1: Ball
2-1: Swinging Strike
2-2: Foul Ball, location: 2F
2-2: Fly out, F7 (Flyball, 7LS, EV 88.1 MPH)
Top of the 1st over - 0 runs, 0 hits, 0 errors, 0 left on base; Fresno State University 0 - University of Toronto 0
BOTTOM OF THE 1ST
University of Toronto Marlies batting - Pitching for Fresno State University Bulldogs : RHP Dave Heck
Pitching: RHP Dave Heck
Batting: LHB Efrem Isaev 0-0: Ground out 5-3 (Groundball, 56, EV 82.5 MPH)
Batting: SHB Jack Tierney 0-0: Ball
1-0: Foul Ball, location: 2F
1-1: Foul Ball, location: 2F
1-2: Ball
2-2: Ball
3-2: Foul Ball, location: 2F
3-2: SINGLE (Line Drive, 7LM, EV 105.6 MPH)
Batting: RHB Elmar Adenauer 0-0: Swinging Strike
0-1: Foul Ball, location: 2F
0-2: Foul Ball, location: 2F
0-2: Ball
1-2: Foul Ball, location: 2F
1-2: Ball
2-2: Ball
3-2: Ground out U3 (Groundball, 3L, EV 78.1 MPH)
Jack Tierney to second
Batting: RHB Akichika Yamano 0-0: Called Strike
0-1: Called Strike
0-2: Ball
1-2: Ball
2-2: Foul Ball, location: 2F
2-2: Foul Ball, location: 2F
2-2: Fly out, F4 (Popup, 4, EV 76.2 MPH)
Bottom of the 1st over - 0 runs, 1 hit, 0 errors, 1 left on base; Fresno State University 0 - University of Toronto 0
TOP OF THE 2ND
Fresno State University Bulldogs batting - Pitching for University of Toronto Marlies : RHP Gui Xú
Batting: RHB Sandy Munoz 0-0: Foul Ball, location: 2F
0-1: Ball
1-1: Ball
2-1: Swinging Strike
2-2: Ball
3-2: Strikes out swinging
Batting: LHB Abraham Batista 0-0: Ball
1-0: Swinging Strike
1-1: Called Strike
1-2: Strikes out looking
Batting: RHB Danilo Baldia 0-0: Ball
1-0: SINGLE (Line Drive, 56D, EV 101.2 MPH)
Batting: LHB Moktar Ame 0-0: Swinging Strike
0-1: Foul Ball, location: 2F
0-2: Ball
1-2: Ball
2-2: SINGLE (Line Drive, 8RS, EV 109.4 MPH)
Danilo Baldia to second
Batting: RHB Ryan Roberts 0-0: Ball
1-0: Ball
2-0: Ball
3-0: Base on Balls
Danilo Baldia to third
Moktar Ame to second
Batting: RHB Greg Meyer 0-0: Ball
1-0: Ball
2-0: Ball
3-0: Base on Balls
Danilo Baldia scores
Moktar Ame to third
Ryan Roberts to second
Batting: RHB Sinfronio Carreon 0-0: Called Strike
0-1: Swinging Strike
0-2: Ball
1-2: Ball
2-2: Strikes out looking
Top of the 2nd over - 1 run, 2 hits, 0 errors, 3 left on base; Fresno State University 1 - University of Toronto 0
BOTTOM OF THE 2ND
University of Toronto Marlies batting - Pitching for Fresno State University Bulldogs : RHP Dave Heck
Batting: SHB Shannon Britten 0-0: Called Strike
0-1: Foul Ball, location: 2F
0-2: Ground out 2-3 (Groundball, 15S, EV 74.4 MPH)
Batting: RHB Jeff McClellan 0-0: Foul Ball, location: 2F
0-1: Foul Ball, location: 2F
0-2: Ball
1-2: Fly out, F4 (Line Drive, 4, EV 73.1 MPH)
Batting: RHB Charlie Townend 0-0: Called Strike
0-1: Fly out, F7 (Line Drive, 7, EV 101.2 MPH)
Bottom of the 2nd over - 0 runs, 0 hits, 0 errors, 0 left on base; Fresno State University 1 - University of Toronto 0
TOP OF THE 3RD
Fresno State University Bulldogs batting - Pitching for University of Toronto Marlies : RHP Gui Xú
Batting: LHB Ollie Strauss 0-0: Called Strike
0-1: Ball
1-1: Ball
2-1: Ball
3-1: Base on Balls
Batting: SHB Carlton Stannard 0-0: Ball
1-0: Ball
2-0: Ball
3-0: Base on Balls
Ollie Strauss to second
Batting: RHB Sandy Munoz 0-0: Ball
1-0: Ball
2-0: Foul Ball, location: 2F
2-1: Fly out, F9 (Line Drive, 9, EV 86.9 MPH)
Batting: LHB Abraham Batista 0-0: Called Strike
0-1: Foul Ball, location: 2F
0-2: Ball
1-2: Foul Ball, location: 2F
1-2: Ball
2-2: Foul Ball, location: 2F
2-2: Foul Ball, location: 2F
2-2: Ball
3-2: Base on Balls
Ollie Strauss to third
Carlton Stannard to second
Batting: RHB Danilo Baldia 0-0: Ball
1-0: Ball
2-0: Swinging Strike
2-1: Ball
3-1: Foul Ball, location: 2F
3-2: Fly out, F9 (Flyball, 89M, EV 91.9 MPH)
Runner from 3rd tags up, OUT at HOME! 9-2
Top of the 3rd over - 0 runs, 0 hits, 0 errors, 2 left on base; Fresno State University 1 - University of Toronto 0
BOTTOM OF THE 3RD
University of Toronto Marlies batting - Pitching for Fresno State University Bulldogs : RHP Dave Heck
Batting: SHB Conrade Gordon 0-0: Called Strike
0-1: Ball
1-1: Called Strike
1-2: Ball
2-2: Strikes out swinging, 2-3 out at first.
Batting: LHB Greg Robertson 0-0: Called Strike
0-1: Ball
1-1: Fly out, F8 (Flyball, 8LM, EV 86.2 MPH)
Batting: LHB Efrem Isaev 0-0: Swinging Strike
0-1: Foul Ball, location: 2F
0-2: Ball
1-2: Ball
2-2: Ball
3-2: Foul Ball, location: 2F
3-2: Fly out, F5 (Popup, 5S, EV 88.1 MPH)
Bottom of the 3rd over - 0 runs, 0 hits, 0 errors, 0 left on base; Fresno State University 1 - University of Toronto 0
TOP OF THE 4TH
Fresno State University Bulldogs batting - Pitching for University of Toronto Marlies : RHP Gui Xú
Batting: LHB Moktar Ame 0-0: Ball
1-0: Foul Ball, location: 2F
1-1: Foul Ball, location: 2F
1-2: SINGLE (Groundball, 4MS, EV 71.9 MPH) (infield hit)
Batting: RHB Ryan Roberts 0-0: Foul Ball, location: 2F
0-1: Fly out, F3 (Popup, 34S, EV 72.5 MPH)
Batting: RHB Greg Meyer 0-0: Called Strike
0-1: Foul Ball, location: 2F
0-2: Grounds into double play, 4-6-3 (Groundball, 4, EV 77.5 MPH)
Top of the 4th over - 0 runs, 1 hit, 0 errors, 0 left on base; Fresno State University 1 - University of Toronto 0
BOTTOM OF THE 4TH
University of Toronto Marlies batting - Pitching for Fresno State University Bulldogs : RHP Dave Heck
Batting: SHB Jack Tierney 0-0: Called Strike
0-1: Ball
1-1: Foul Ball, location: 2F
1-2: Ball
2-2: Foul Ball, location: 2F
2-2: Ball
3-2: Fly out, F8 (Flyball, 8RXD, EV 105.0 MPH)
Batting: RHB Elmar Adenauer 0-0: Foul Ball, location: 2F
0-1: Ball
1-1: Ball
2-1: Ball
3-1: Foul Ball, location: 2F
3-2: DOUBLE (Groundball, 5L, EV 106.2 MPH)
Batting: RHB Akichika Yamano 0-0: DOUBLE (Line Drive, 9LD, EV 104.4 MPH)
Elmar Adenauer scores
Batting: SHB Shannon Britten 0-0: Called Strike
0-1: Ball
1-1: Ball
2-1: Foul Ball, location: 2F
2-2: Ball
3-2: Strikes out looking
Batting: RHB Jeff McClellan 0-0: Ball
1-0: Ball
2-0: Called Strike
2-1: Ground out 1-3 (Groundball, 13S, EV 68.8 MPH)
Bottom of the 4th over - 1 run, 2 hits, 0 errors, 1 left on base; Fresno State University 1 - University of Toronto 1
TOP OF THE 5TH
Fresno State University Bulldogs batting - Pitching for University of Toronto Marlies : RHP Gui Xú
Batting: RHB Sinfronio Carreon 0-0: Called Strike
0-1: Swinging Strike
0-2: Ball
1-2: Foul Ball, location: 2F
1-2: Foul Ball, location: 2F
1-2: Fly out, F8 (Line Drive, 8LM, EV 90.6 MPH)
Batting: LHB Ollie Strauss 0-0: Ball
1-0: Ball
2-0: Ball
3-0: Base on Balls
Batting: SHB Carlton Stannard 0-0: Foul Ball, location: 2F
0-1: Called Strike
0-2: Foul Ball, location: 2F
0-2: Ball
1-2: Grounds into double play, 6-4-3 (Groundball, 6M, EV 89.4 MPH)
Top of the 5th over - 0 runs, 0 hits, 0 errors, 0 left on base; Fresno State University 1 - University of Toronto 1
BOTTOM OF THE 5TH
University of Toronto Marlies batting - Pitching for Fresno State University Bulldogs : RHP Dave Heck
Batting: RHB Charlie Townend 0-0: Called Strike
0-1: Ball
1-1: Swinging Strike
1-2: Ball
2-2: Ball
3-2: Foul Ball, location: 2F
3-2: Foul Ball, location: 2F
3-2: Fly out, F9 (Flyball, 9D, EV 95.0 MPH)
Batting: SHB Conrade Gordon 0-0: SOLO HOME RUN (Line Drive, 9D, EV 103.1 MPH), Distance : 376 ft
Pitching: RHP Alex Gutierrez
Batting: LHB Greg Robertson 0-0: Foul Ball, location: 2F
0-1: Ball
1-1: SINGLE (Line Drive, 3D, EV 94.4 MPH)
Batting: LHB Efrem Isaev 0-0: Foul Ball, location: 2F
0-1: Ball
1-1: Swinging Strike
1-2: Ball
2-2: Foul Ball, location: 2F
2-2: Foul Ball, location: 2F
2-2: Ball
3-2: Foul Ball, location: 2F
3-2: Fielders Choice at 2nd, 4-6 (Groundball, 4S, EV 85.6 MPH)
Batting: SHB Jack Tierney 0-0: Swinging Strike
0-1: Called Strike
Efrem Isaev steals 2nd base
0-2: Ball
1-2: Ball
2-2: Ball
3-2: SINGLE (Groundball, 4MS, EV 70.6 MPH) (infield hit)
Efrem Isaev to third
Batting: RHB Elmar Adenauer 0-0: Ball
1-0: Foul Ball, location: 2F
1-1: Fly out, F7 (Flyball, 7, EV 92.5 MPH)
Bottom of the 5th over - 1 run, 3 hits, 0 errors, 2 left on base; Fresno State University 1 - University of Toronto 2
TOP OF THE 6TH
Fresno State University Bulldogs batting - Pitching for University of Toronto Marlies : RHP Gui Xú
Pitching: LHP Nick Holt
Batting: RHB Sandy Munoz 0-0: Ball
1-0: Ball
2-0: Foul Ball, location: 2F
2-1: Fly out, F8 (Flyball, 8LS, EV 87.5 MPH)
Batting: LHB Abraham Batista 0-0: Ground out 5-3 (Groundball, 6S, EV 79.4 MPH)
Batting: RHB Danilo Baldia 0-0: Called Strike
0-1: Ball
1-1: Ball
2-1: SINGLE (Groundball, 56D, EV 101.2 MPH)
Batting: LHB Moktar Ame 0-0: Foul Ball, location: 2F
0-1: Ball
1-1: Fly out, F8 (Flyball, 8RD, EV 91.2 MPH)
Top of the 6th over - 0 runs, 1 hit, 0 errors, 1 left on base; Fresno State University 1 - University of Toronto 2
BOTTOM OF THE 6TH
University of Toronto Marlies batting - Pitching for Fresno State University Bulldogs : RHP Alex Gutierrez
Batting: RHB Akichika Yamano 0-0: Foul Ball, location: 2F
0-1: Fly out, F8 (Flyball, 8LD, EV 85.0 MPH)
Batting: SHB Shannon Britten 0-0: Ball
1-0: Ground out 6-3 (Groundball, 6, EV 103.1 MPH)
Batting: RHB Jeff McClellan 0-0: Ball
1-0: Swinging Strike
1-1: Ball
2-1: Swinging Strike
2-2: Foul Ball, location: 2F
2-2: Strikes out swinging
Bottom of the 6th over - 0 runs, 0 hits, 0 errors, 0 left on base; Fresno State University 1 - University of Toronto 2
TOP OF THE 7TH
Fresno State University Bulldogs batting - Pitching for University of Toronto Marlies : LHP Nick Holt
Batting: RHB Ryan Roberts 0-0: DOUBLE (Line Drive, 9LS, EV 108.1 MPH)
Pinch Runner at 2nd Tony Nowak:
Batting: RHB Greg Meyer 0-0: Ball
1-0: Ball
2-0: Ball
3-0: Hit by Pitch
Batting: RHB Sinfronio Carreon 0-0: Fielders Choice at 2nd, 6-4 (Groundball, 6, EV 100.0 MPH)
Tony Nowak to third
Batting: LHB Ollie Strauss 0-0: Called Strike
0-1: Ball
1-1: Ball
2-1: SINGLE (Groundball, 6D, EV 96.2 MPH)
Tony Nowak scores
Sinfronio Carreon to second
Pitching: RHP Brad Cannell
Batting: SHB Carlton Stannard 0-0: Ball
1-0: Ball
2-0: Called Strike
2-1: Called Strike
2-2: Strikes out swinging
Batting: RHB Sandy Munoz 0-0: Foul Ball, location: 2F
0-1: Ball
1-1: Ball
2-1: Ball
3-1: Foul Ball, location: 2F
3-2: Ground out 6-3 (Groundball, P, EV 93.8 MPH)
Top of the 7th over - 1 run, 2 hits, 0 errors, 2 left on base; Fresno State University 2 - University of Toronto 2
BOTTOM OF THE 7TH
University of Toronto Marlies batting - Pitching for Fresno State University Bulldogs : RHP Alex Gutierrez
Pitching: RHP Oscar Zetino
Now at C: Charles Shaw
Batting: RHB Charlie Townend 0-0: Ball
1-0: Swinging Strike
1-1: Foul Ball, location: 2F
1-2: Strikes out swinging
Batting: SHB Conrade Gordon 0-0: Fly out, F9 (Line Drive, 9, EV 91.2 MPH)
Batting: LHB Greg Robertson 0-0: Foul Ball, location: 2F
0-1: Fly out, F7 (Line Drive, 7, EV 106.2 MPH)
Bottom of the 7th over - 0 runs, 0 hits, 0 errors, 0 left on base; Fresno State University 2 - University of Toronto 2
TOP OF THE 8TH
Fresno State University Bulldogs batting - Pitching for University of Toronto Marlies : RHP Brad Cannell
Batting: LHB Abraham Batista 0-0: Ball
1-0: Called Strike
1-1: Fly out, F8 (Line Drive, 89M, EV 93.1 MPH)
Batting: RHB Danilo Baldia 0-0: Foul Ball, location: 2F
0-1: Fly out, F9 (Flyball, 9LM, EV 86.2 MPH)
Batting: LHB Moktar Ame 0-0: Ball
1-0: Ball
2-0: Called Strike
2-1: Swinging Strike
2-2: Strikes out swinging
Top of the 8th over - 0 runs, 0 hits, 0 errors, 0 left on base; Fresno State University 2 - University of Toronto 2
BOTTOM OF THE 8TH
University of Toronto Marlies batting - Pitching for Fresno State University Bulldogs : RHP Oscar Zetino
Pitching: LHP Denis van de Kolk
Batting: LHB Efrem Isaev 0-0: Called Strike
0-1: Foul Ball, location: 2F
0-2: Strikes out swinging
Pitching: RHP Antonio Levario
Batting: SHB Jack Tierney 0-0: Foul Ball, location: 2F
0-1: Ball
1-1: Ball
2-1: Called Strike
2-2: Ball
3-2: SINGLE (Line Drive, 7LS, EV 96.2 MPH)
Batting: RHB Elmar Adenauer 0-0: Called Strike
0-1: Ball
1-1: Ball
2-1: Ball
3-1: Called Strike
3-2: SINGLE (Line Drive, 9LS, EV 110.0 MPH)
Jack Tierney to second
Batting: RHB Akichika Yamano 0-0: Ball
Jack Tierney steals 3rd base
1-0: Ball
2-0: Ball
3-0: Called Strike
3-1: Foul Ball, location: 2F
3-2: Base on Balls
Elmar Adenauer to second
Batting: SHB Shannon Britten 0-0: Foul Ball, location: 2F
0-1: Foul Ball, location: 2F
0-2: Ball
1-2: TRIPLE (Line Drive, 9LM, EV 93.1 MPH)
Jack Tierney scores
Elmar Adenauer scores
Akichika Yamano scores
Pitching: RHP Andy Dozier
Batting: RHB Jeff McClellan 0-0: Ball
1-0: Ball
2-0: Foul Ball, location: 2F
2-1: Called Strike
2-2: Ball
3-2: Ground out 5-3 (Groundball, 5, EV 85.6 MPH)
Batting: RHB Charlie Townend 0-0: Foul Ball, location: 2F
0-1: Ball
1-1: Ball
2-1: Ball
3-1: Called Strike
3-2: Base on Balls
Batting: SHB Conrade Gordon 0-0: Fly out, F9 (Flyball, 9, EV 85.6 MPH)
Bottom of the 8th over - 3 runs, 3 hits, 0 errors, 2 left on base; Fresno State University 2 - University of Toronto 5
TOP OF THE 9TH
Fresno State University Bulldogs batting - Pitching for University of Toronto Marlies : RHP Brad Cannell
Pitching: RHP Luke Stannard
Batting: RHB Charles Shaw 0-0: Swinging Strike
0-1: Ball
1-1: Called Strike
1-2: SINGLE (Groundball, 6D, EV 95.0 MPH)
Pinch Hitting: LHB Brad Benanti 0-0: Ball
1-0: Called Strike
1-1: Ball
2-1: Swinging Strike
2-2: Ball
3-2: Foul Ball, location: 2F
3-2: Foul Ball, location: 2F
3-2: Fly out, F5 (Popup, 5S, EV 76.9 MPH)
Batting: RHB Sinfronio Carreon 0-0: Ball
1-0: Foul Ball, location: 2F
1-1: Swinging Strike
1-2: Strikes out looking
Pitching: RHP Mike McDonald
Batting: LHB Ollie Strauss 0-0: Foul Ball, location: 2F
0-1: Ball
1-1: Ball
2-1: Ground out 4-3 (Groundball, 13, EV 88.8 MPH)
Top of the 9th over - 0 runs, 1 hit, 0 errors, 1 left on base; Fresno State University 2 - University of Toronto 5
Sunday, July 16th , 2023 - OOTP Baseball 24.6 Build 69